 Dungeon Crawl Stone Soup version 0.29-a0-251-g80730f7218 (webtiles) character file.

Game seed: 14619876561783201177

44 P0WERM0DE the Skirmisher (level 3, -7/34 HPs)
             Began as a Deep Dwarf Chaos Knight on Mar 5, 2022.
             Was a Plaything of Xom.
             Mangled by Sigmund the queen bee (glowing shapeshifter) (9 damage)
             ... on level 2 of the Dungeon.
             The game lasted 00:02:33 (626 turns).

P0WERM0DE the Skirmisher (Deep Dwarf Chaos Knight)   Turns: 626, Time: 00:02:33

Health: -7/34      AC:  9    Str: 17    XL:     3   Next: 41%
Magic:  12/12 (3)  EV: 11    Int: 18    God:    Xom [*.....]
Gold:   40         SH:  0    Dex: 12    Spells: 2/2 levels left

rFire   . . .      SeeInvis .   a - +1 spear (chaos)
rCold   . . .      Faith    .   (no shield)
rNeg    . . .      Spirit   .   b - +2 leather armour
rPois   +          Reflect  .   (no helmet)
rElec   .          Harm     .   (no cloak)
rCorr   .          Rampage  .   h - +2 pair of gloves
Will    .....                   c - +0 pair of boots
Stlth   +.........              (no amulet)
HPRegen 0.00/turn               k - ring of magical power
MPRegen 0.13/turn               j - +6 ring of intelligence

@: no status effects
A: damage resistance, heal wounds, sense surroundings 1, no regeneration, poison
resistance
a: Heal Wounds, Renounce Religion


You were on level 2 of the Dungeon.
You worshipped Xom.
You were a special plaything of Xom.
You visited 1 branch of the dungeon, and saw 2 of its levels.

You collected 40 gold pieces.

Inventory:

Hand Weapons
 a - a +1 spear of chaos (weapon)
Missiles
 i - 3 boomerangs
Armour
 b - a +2 leather armour (worn)
 c - a +0 pair of boots (worn)
   (You found it on level 1 of the Dungeon)
 g - an orb of wrath
   (You found it on level 1 of the Dungeon)
 h - a +2 pair of gloves (worn)
   (You found it on level 1 of the Dungeon)
Jewellery
 j - a +6 ring of intelligence (right hand)
   (You found it on level 1 of the Dungeon)
 k - a ring of magical power (left hand)
   (You found it on level 1 of the Dungeon)
Potions
 e - a potion of brilliance {unknown}
 f - a potion of heal wounds {unknown}
 l - 2 potions of attraction {unknown}
 n - a potion of invisibility {unknown}


   Skills:
 * Level 3.2 Fighting
 - Level 2.6 Polearms
 * Level 3.0 Armour
 - Level 1.1 Dodging
 * Level 1.4 Unarmed Combat


You had 2 spell levels left.
You didn't know any spells.
Your spell library contained the following spells:

 Spells                   Type           Power      Damage    Failure   Level
 Inner Flame              Hex/Fire       0%         N/A       61%         3
 Sticky Flame             Conj/Fire      0%         2d3       95%         4
 Fireball                 Conj/Fire      0%         3d3       100%        5
 Ignition                 Fire           0%         3d3       100%        8


Dungeon Overview and Level Annotations

Branches:
Dungeon (2/15)

Altars:

Shops:
D:1 !

Annotations:
D:2 Sigmund


Innate Abilities, Weirdness & Mutations

You are resistant to damage.
You can heal yourself by infusing magical energy.
You passively map a small area around you.
You do not regenerate.
Your system is resistant to poisons. (rPois)


Message History

Sigmund stings you but does no damage. Sigmund misses you.
Sigmund closely misses you.
You barely miss Sigmund.
Sigmund the meliai changes into a cane toad!
You hit Sigmund but do no damage. Sigmund stings you!
As you read the scroll labelled EDWEDI CESAEX, it crumbles to dust.
It is a scroll of enchant weapon.
Your +0 spear of chaos glows red for a moment.
Sigmund the cane toad changes into a yak!
You hit Sigmund. Lightning courses through Sigmund!
Sigmund is heavily wounded.
Sigmund gores you but does no damage. The adder misses you.
You hit the adder.
The adder is poisoned.
The adder is heavily wounded.
The adder misses you. The adder bites you.
You closely miss the adder.
The adder is heavily wounded.
The adder bites you but does no damage.
You puncture the adder! You burn the adder.
You kill the adder!
Your Armour skill increases to level 3!
You hit Sigmund but do no damage.
Sigmund is heavily wounded.
Sigmund the yak changes into a wind drake!
You barely miss Sigmund.
Sigmund is lightly wounded.
Sigmund the wind drake changes into a queen bee!
You hit Sigmund.
Sigmund seems to speed up.
Sigmund is lightly wounded.
Sigmund stings you.
You barely miss Sigmund.
Sigmund is lightly wounded.
Sigmund barely misses you. Sigmund stings you!
* * * LOW HITPOINT WARNING * * *
You fail to use your ability.
Sigmund stings you but does no damage.
You fail to use your ability.
Xom alters the dungeon around you.
A door bursts open!
Sigmund stings you!
You die...
Xom guffaws!

, #.#.#* #..#
#.#, * # .. ...#
* #, *## * ###..
, .# * ###* * .#
, * .# . ### *.#
.!., ##.###.# ,
.>...####......#
,
.....'.@yS....#
,
.....####...#.##
*
....######..#.S#
. .....)......#
* ,,
....##≈#....# .
#≈≈###..# *
≈≈≈≈≈ #..# *
#≈#≈≈#≈≈#.# *
#≈≈≈≈≈≈≈≈#.#


You could see Sigmund the queen bee shaped shifter (fast) and a ball python.

Vanquished Creatures
  An adder (D:2)
  3 dart slugs
  2 bats (D:1)
  An endoplasm (D:1)
  A giant cockroach (D:1)
  5 goblins
  2 jackals (D:1)
  4 kobolds
  A quokka (D:1)
  5 ball pythons (D:1)
  A frilled lizard (D:1)
  3 rats (D:1)
29 creatures vanquished.

Vanquished Creatures (others)
  A ball python (D:1)
  4 toadstools (D:1)
5 creatures vanquished.

Grand Total: 34 creatures vanquished

Notes
Turn   | Place    | Note
-------+----------+-------------------------------------------
     0 | D:1      | P0WERM0DE the Deep Dwarf Chaos Knight began the quest for
                  | the Orb.
     0 | D:1      | Reached XP level 1. HP: 20/20 MP: 1/1
    45 | D:1      | XOM: potion effect (haste)
    54 | D:1      | Found Romogh's Distillery.
    59 | D:1      | Got the Guide on the Arsonist
    73 | D:1      | Reached XP level 2. HP: 27/27 MP: 2/2
   207 | D:1      | XOM: divination: detect items
   248 | D:1      | XOM: divination: magic mapping
   249 | D:1      | Reached skill level 1 in Unarmed Combat
   378 | D:1      | XOM: 2-stop teleportation journey
   431 | D:1      | Reached XP level 3. HP: 34/34 MP: 3/3
   439 | D:1      | XOM: give mutation
   439 | D:1      | Gained mutation: Your system is resistant to poisons.
                  | (rPois) [Xom's grace]
   586 | D:2      | Noticed Sigmund
   588 | D:2      | Noticed Sigmund
   588 | D:2      | Sigmund changed into Sigmund the glowing shapeshifter
   588 | D:2      | XOM: polymorph Sigmund -> Sigmund the glowing shapeshifter
   588 | D:2      | Noticed Sigmund
   588 | D:2      | Sigmund the glowing shapeshifter changed into Sigmund the
                  | dream sheep
   589 | D:2      | Noticed Sigmund
   589 | D:2      | Sigmund the dream sheep changed into Sigmund the cyclops
   590 | D:2      | Noticed Sigmund
   590 | D:2      | Sigmund the cyclops changed into Sigmund the jumping spider
   596 | D:2      | Noticed Sigmund
   596 | D:2      | Sigmund the jumping spider changed into Sigmund the dream
                  | sheep
   597 | D:2      | Noticed Sigmund
   597 | D:2      | Sigmund the dream sheep changed into Sigmund the cyclops
   600 | D:2      | XOM: blink monster(s)
   600 | D:2      | Noticed Sigmund
   600 | D:2      | Sigmund the cyclops changed into Sigmund the fire crab
   607 | D:2      | Noticed Sigmund
   607 | D:2      | Sigmund the fire crab changed into Sigmund the meliai
   609 | D:2      | Noticed Sigmund
   609 | D:2      | Sigmund the meliai changed into Sigmund the cane toad
   614 | D:2      | Noticed Sigmund
   614 | D:2      | Sigmund the cane toad changed into Sigmund the yak
   621 | D:2      | Noticed Sigmund
   621 | D:2      | Sigmund the yak changed into Sigmund the wind drake
   622 | D:2      | Noticed Sigmund
   622 | D:2      | Sigmund the wind drake changed into Sigmund the queen bee
   626 | D:2      | XOM: scenery: 1 doors open
   626 | D:2      | Mangled by Sigmund the queen bee (glowing shapeshifter)

Illustrated notes

Levels and vault maps discovered:
D:1:      ldierk_walled_garden_2, layout_loops_cross, serial_shops,
          nicolae_diamond_shop, minmay_unequal
D:2:      minmay_alternating_diamond, layout_loops_corners, minivault_4,
          uniq_sigmund

Skill      XL: |  1  2  3 |
---------------+----------+-----
Fighting       | 3 |  3.2
Unarmed Combat | 1 |  1.4
Armour         | 3 |  3.0
Polearms       | |  2.6
Dodging        | |  1.1

Action                   || total
-------------------------++-------
Melee: Spear             ||    90
       Punch             ||     1
 Abil: Heal Wounds       ||     1
  Use: Scroll            ||     1
       Potion            ||     1
 Stab: Sleeping          ||     1
Armor: Leather armour    ||    31
Dodge: Dodged            ||    35

Table legend: (Time is in decaauts)
 A = Elapsed time spent in this place.
 B = Non-inter-level travel time spent in this place.
 C = Inter-level travel time spent in this place.
 D = Time resting spent in this place.
 E = Time spent auto-exploring this place.
 F = Levels seen in this place.
 G = Mean time per level.
                   A        B        C        D        E       F      G
               +--------+--------+--------+--------+--------+-----+--------+
         Total |    605 |    545 |     60 |      0 |    120 |   2 |  302.5 |
       Dungeon |    605 |    545 |     60 |      0 |    120 |   2 |  302.5 |
               +--------+--------+--------+--------+--------+-----+--------+

Top non-repeatable levels by time:
     D:1: 490 daAuts
     D:2: 115 daAuts
